cohdb
Replays
Latest Replays
All Replays
Popular Replays
Top Player Replays
Match Explorer
How It Works
Community
CoH3 Stats
Reddit
Sign in to upload your games and track your stats! →
Sign in with Steam
Match 43888027
Unlisted
Match 43888027
Overview
Messages
Build Orders
End
Construct Section Command Post
Vickers Machine Gun Team
Infantry Section
Selects Indian Artillery Battlegroup
Selects Indian Artillery Battlegroup
Infantry Section
Construct Platoon Command Post
CMP 15cwt Truck
Selects War Cry
Selects Gurkha Rifles Section
Gurkha Rifles Section
Unlock Bishop Self-propelled Artillery
Forward Retreat Point
Gurkha Rifles Section
Grenade Package
Construct Company Command Post
Selects Artillery Saturation
Selects Off-map Airburst Barrage
Unlock M3 Grant Medium Tanks
M3 Grant Medium Tank
Selects Pillage
Selects BL5.5 Artillery Emplacement
Off-map Airburst Barrage
M3 Grant Medium Tank
M3 Grant Medium Tank
CMP 15cwt Truck
Gurkha Rifles Section
Dog
Halokoo
MyVirtualChess
VonPharaoh
DarthJack
Merwill
Kilp
_Dustin
0
0
Comments
sign in to comment!
No comments posted yet!